[ AOE2 MATCH · #506212401 ]
UnrankedGurjaras vs Slavs
Player's team · WIN
Rival team · LOSS
[ REPLAY ANALYSIS · EXTRACTED FROM THE RECORDED GAME ]
Feudal
9:04
Castle
23:05
Imperial
—
| APM avg | 75.0 |
| APM peak | 106 |
| eAPM avg | 23.5 |
| Villagers / military | 55 / 21 |
Focus
⚔️ 40.2% · 🌾 59.8%
Skirmisher ×10 · Scout Cavalry ×9 · Shrivamsha Rider ×2
Feudal
10:23
Castle
—
Imperial
—
| APM avg | 53.2 |
| APM peak | 84 |
| eAPM avg | 28.0 |
| Villagers / military | 62 / 33 |
Focus
⚔️ 31.2% · 🌾 68.8%
Archer ×14 · Spearman ×8 · Militia ×5 · Scout Cavalry ×4 · Skirmisher ×2
Match map
Initial resources + every placement click. Lines = walls · curves = elevation contours. ◆ gold · ⬟ stone · ● berries · ✦ relic · ◌ wall gap
Your base· Open — unwalled flank
[CL]LaCumbiaSuave's base· Open — unwalled flank
Smoothed initial terrain · ◌ = detected wall gap · hover for details
Inputs per minute
— Fabrizio 094455 - - [CL]LaCumbiaSuave
Build order — Fabrizio 094455
139 actions detected in the replay
| 0:01 | Queue | Villager (Male) |
| 0:01 | Queue | Villager (Male) |
| 0:02 | Queue | Villager (Male) |
| 0:02 | Build | House |
| 0:04 | Build | House |
| 0:05 | Queue | Villager (Male) |
| 0:06 | Queue | Villager (Male) |
| 1:04 | Build | Mill |
| 1:48 | Queue | Villager (Male) |
| 1:48 | Queue | Villager (Male) |
| 2:19 | Queue | Villager (Male) |
| 2:19 | Queue | Villager (Male) |
| 2:26 | Queue | Villager (Male) |
| 2:26 | Queue | Villager (Male) |
| 3:05 | Queue | Villager (Male) |
| 3:06 | Queue | Villager (Male) |
| 3:11 | Queue | Villager (Male) |
| 3:12 | Queue | Villager (Male) |
| 3:51 | Queue | Villager (Male) |
| 4:00 | Queue | Villager (Male) |
| 4:01 | Queue | Villager (Male) |
| 4:07 | Build | House |
| 4:23 | Queue | Villager (Male) |
| 4:24 | Queue | Villager (Male) |
| 4:59 | Queue | Villager (Male) |
| 4:59 | Queue | Villager (Male) |
| 5:06 | Build | Lumber Camp |
| 5:11 | Queue | Villager (Male) |
| 5:38 | Queue | Villager (Male) |
| 6:04 | Research | Loom |
| 6:53 | Research | Feudal Age |
| 6:53 | Research | Feudal Age |
| 8:01 | Build | Barracks |
| 8:10 | Queue | Villager (Male) |
| 8:49 | Build | House |
| 9:04 | Age | Feudal Age |
| 9:08 | Research | Double-Bit Axe |
| 9:36 | Build | Stable |
| 9:45 | Queue | Villager (Male) |
| 9:52 | Queue | Villager (Male) |
| 10:05 | Build | Palisade Wall |
| 10:07 | Build | Mill |
| 10:17 | Queue | Scout Cavalry |
| 10:19 | Queue | Villager (Male) |
| 10:26 | Build | House |
| 10:31 | Build | Farm |
| 10:33 | Queue | Villager (Male) |
| 10:37 | Queue | Scout Cavalry |
| 10:45 | Build | Farm |
| 10:49 | Build | Palisade Wall |
| 10:52 | Queue | Scout Cavalry |
| 11:05 | Queue | Villager (Male) |
| 11:14 | Queue | Villager (Male) |
| 11:22 | Queue | Villager (Male) |
| 11:31 | Queue | Villager (Male) |
| 11:42 | Queue | Scout Cavalry |
| 11:47 | Queue | Villager (Male) |
| 11:54 | Queue | Scout Cavalry |
| 11:55 | Queue | Villager (Male) |
| 11:59 | Build | Farm |
| 12:02 | Build | Farm |
| 12:03 | Research | Horse Collar |
| 12:09 | Queue | Scout Cavalry |
| 12:19 | Build | House |
| 12:23 | Queue | Villager (Male) |
| 12:36 | Build | Palisade Wall |
| 12:40 | Queue | Villager (Male) |
| 12:42 | Build | House |
| 12:44 | Build | House |
| 12:46 | Build | Palisade Wall |
| 12:53 | Queue | Villager (Male) |
| 12:55 | Build | Farm |
| 13:11 | Build | Palisade Wall |
| 13:13 | Build | Palisade Wall |
| 13:18 | Build | Farm |
| 13:19 | Queue | Villager (Male) |
| 13:22 | Queue | Scout Cavalry |
| 13:29 | Queue | Scout Cavalry |
| 13:36 | Queue | Scout Cavalry |
| 13:39 | Queue | Villager (Male) |
| 13:43 | Build | House |
| 13:46 | Build | Blacksmith |
| 14:05 | Queue | Villager (Male) |
| 14:14 | Build | Archery Range |
| 14:56 | Queue | Villager (Male) |
| 14:56 | Queue | Villager (Male) |
| 14:58 | Queue | Villager (Male) |
| 15:00 | Build | Farm |
| 15:00 | Build | Farm |
| 15:01 | Build | Farm |
| 15:15 | Queue | Villager (Male) |
| 15:22 | Queue | Villager (Male) |
| 15:30 | Queue | Skirmisher |
| 15:30 | Queue | Skirmisher |
| 15:41 | Queue | Skirmisher |
| 15:49 | Queue | Skirmisher |
| 16:13 | Queue | Skirmisher |
| 16:29 | Queue | Skirmisher |
| 16:29 | Queue | Villager (Male) |
| 16:41 | Build | Mining Camp |
| 16:51 | Research | Fletching |
| 16:52 | Research | Fletching |
| 17:01 | Build | House |
| 17:04 | Queue | Villager (Male) |
| 17:18 | Build | Farm |
| 17:24 | Build | Farm |
| 17:36 | Queue | Skirmisher |
| 17:37 | Queue | Villager (Male) |
| 17:59 | Build | Palisade Wall |
| 18:04 | Queue | Skirmisher |
| 18:09 | Queue | Villager (Male) |
| 18:21 | Build | Market |
| 18:37 | Queue | Villager (Male) |
| 18:38 | Research | Wheelbarrow |
| 18:45 | Queue | Skirmisher |
| 19:02 | Build | House |
| 19:43 | Queue | Skirmisher |
| 19:44 | Queue | Villager (Male) |
| 20:25 | Research | Castle Age |
| 20:25 | Research | Castle Age |
| 20:28 | Build | Lumber Camp |
| 20:31 | Build | House |
| 21:30 | Build | House |
| 21:34 | Build | Stable |
| 21:38 | Research | Bloodlines |
| 21:38 | Research | Bloodlines |
| 21:39 | Research | Scale Barding Armor |
| 22:45 | Build | House |
| 22:46 | Build | House |
| 23:05 | Age | Castle Age |
| 23:18 | Queue | Shrivamsha Rider |
| 23:18 | Queue | Shrivamsha Rider |
| 23:19 | Queue | Villager (Male) |
| 23:20 | Queue | Villager (Male) |
| 23:22 | Build | House |
| 23:24 | Research | Bow Saw |
| 23:24 | Research | Bow Saw |
| 23:33 | Build | Town Center |
| 23:36 | Queue | Villager (Male) |
Build order — [CL]LaCumbiaSuave
First 150 of 172 actions detected
| 0:01 | Queue | Villager (Male) |
| 0:02 | Queue | Villager (Male) |
| 0:02 | Queue | Villager (Male) |
| 0:02 | Queue | Villager (Male) |
| 0:03 | Build | House |
| 0:04 | Build | House |
| 1:24 | Queue | Villager (Male) |
| 1:24 | Queue | Villager (Male) |
| 1:48 | Build | Lumber Camp |
| 2:03 | Queue | Villager (Male) |
| 2:31 | Queue | Villager (Male) |
| 2:53 | Queue | Villager (Male) |
| 2:53 | Queue | Villager (Male) |
| 3:16 | Queue | Villager (Male) |
| 3:16 | Queue | Villager (Male) |
| 3:34 | Build | House |
| 3:51 | Queue | Villager (Male) |
| 4:12 | Queue | Villager (Male) |
| 4:18 | Build | Barracks |
| 4:36 | Queue | Villager (Male) |
| 4:44 | Build | House |
| 4:54 | Queue | Villager (Male) |
| 5:12 | Queue | Militia |
| 5:23 | Queue | Villager (Male) |
| 5:39 | Queue | Militia |
| 5:53 | Queue | Villager (Male) |
| 6:14 | Queue | Villager (Male) |
| 6:14 | Queue | Villager (Male) |
| 6:31 | Build | Mill |
| 6:32 | Queue | Villager (Male) |
| 6:54 | Queue | Villager (Male) |
| 7:15 | Research | Loom |
| 8:13 | Research | Feudal Age |
| 8:13 | Research | Feudal Age |
| 8:40 | Build | Mining Camp |
| 8:49 | Build | Mining Camp |
| 8:53 | Queue | Militia |
| 9:17 | Queue | Militia |
| 9:35 | Queue | Villager (Male) |
| 9:48 | Build | Palisade Wall |
| 9:50 | Build | Palisade Wall |
| 9:51 | Build | Palisade Wall |
| 9:54 | Build | Palisade Wall |
| 9:56 | Build | Palisade Wall |
| 10:01 | Build | Palisade Wall |
| 10:03 | Build | Palisade Wall |
| 10:06 | Queue | Villager (Male) |
| 10:09 | Queue | Militia |
| 10:23 | Age | Feudal Age |
| 10:26 | Queue | Spearman |
| 10:28 | Queue | Villager (Male) |
| 10:32 | Build | Archery Range |
| 10:39 | Build | Farm |
| 10:43 | Research | Man-at-Arms (upgrade) |
| 10:50 | Queue | Spearman |
| 10:54 | Queue | Villager (Male) |
| 10:55 | Build | Farm |
| 11:16 | Build | Farm |
| 11:19 | Build | Farm |
| 11:22 | Build | Farm |
| 11:22 | Queue | Villager (Male) |
| 11:27 | Queue | Archer |
| 11:47 | Queue | Spearman |
| 11:59 | Queue | Villager (Male) |
| 11:59 | Queue | Villager (Male) |
| 12:06 | Queue | Archer |
| 12:17 | Queue | Villager (Male) |
| 12:18 | Queue | Villager (Male) |
| 12:39 | Queue | Villager (Male) |
| 12:44 | Queue | Archer |
| 12:55 | Research | Town Watch |
| 12:58 | Build | House |
| 13:01 | Queue | Archer |
| 13:15 | Research | Double-Bit Axe |
| 13:24 | Build | House |
| 13:36 | Queue | Spearman |
| 13:36 | Queue | Spearman |
| 13:42 | Queue | Archer |
| 13:51 | Queue | Villager (Male) |
| 13:51 | Queue | Villager (Male) |
| 13:53 | Build | Farm |
| 14:03 | Queue | Villager (Male) |
| 14:07 | Queue | Archer |
| 14:11 | Queue | Spearman |
| 14:13 | Build | House |
| 14:14 | Build | Palisade Wall |
| 14:43 | Queue | Villager (Male) |
| 14:44 | Queue | Villager (Male) |
| 14:56 | Queue | Villager (Male) |
| 14:58 | Build | Farm |
| 15:07 | Build | Palisade Wall |
| 15:10 | Queue | Archer |
| 15:15 | Queue | Villager (Male) |
| 15:19 | Build | Palisade Wall |
| 15:23 | Build | Palisade Wall |
| 15:29 | Build | Palisade Wall |
| 15:31 | Queue | Villager (Male) |
| 15:36 | Build | House |
| 15:39 | Queue | Archer |
| 15:47 | Build | Farm |
| 15:56 | Queue | Villager (Male) |
| 16:00 | Queue | Archer |
| 16:04 | Queue | Villager (Male) |
| 16:09 | Queue | Villager (Male) |
| 16:18 | Build | House |
| 16:19 | Build | House |
| 16:24 | Build | House |
| 16:33 | Queue | Villager (Male) |
| 16:38 | Build | Palisade Gate |
| 17:02 | Queue | Spearman |
| 17:09 | Build | House |
| 17:22 | Build | House |
| 17:24 | Build | Palisade Wall |
| 17:25 | Queue | Villager (Male) |
| 17:31 | Queue | Archer |
| 17:35 | Queue | Villager (Male) |
| 17:53 | Queue | Villager (Male) |
| 17:54 | Queue | Villager (Male) |
| 17:59 | Build | Blacksmith |
| 18:02 | Queue | Villager (Male) |
| 18:13 | Queue | Villager (Male) |
| 18:14 | Build | Farm |
| 18:29 | Queue | Archer |
| 18:38 | Research | Fletching |
| 18:48 | Build | Lumber Camp |
| 19:03 | Queue | Archer |
| 19:31 | Queue | Skirmisher |
| 19:31 | Queue | Skirmisher |
| 19:44 | Queue | Villager (Male) |
| 19:50 | Build | Stable |
| 20:03 | Queue | Spearman |
| 20:09 | Queue | Villager (Male) |
| 20:09 | Build | Farm |
| 20:10 | Build | Farm |
| 20:14 | Queue | Villager (Male) |
| 20:21 | Queue | Archer |
| 20:33 | Research | Padded Archer Armor |
| 20:45 | Queue | Villager (Male) |
| 20:53 | Queue | Scout Cavalry |
| 20:55 | Queue | Villager (Male) |
| 20:56 | Queue | Villager (Male) |
| 21:02 | Queue | Archer |
| 21:08 | Build | House |
| 21:25 | Build | House |
| 21:26 | Build | Farm |
| 21:32 | Build | Farm |
| 21:34 | Queue | Villager (Male) |
| 21:40 | Build | Farm |
| 21:44 | Queue | Scout Cavalry |
| 21:44 | Queue | Scout Cavalry |
Match timeline
| 4:18 | [CL]LaCumbiaSuave · first_building Barracks |
| 8:01 | Fabrizio 094455 · first_building Barracks |
| 9:04 | Fabrizio 094455 · age_up feudal |
| 9:36 | Fabrizio 094455 · first_building Stable |
| 9:48 | [CL]LaCumbiaSuave · wall_segment Palisade Wall x1 |
| 9:50 | [CL]LaCumbiaSuave · wall_segment Palisade Wall x1 |
| 9:51 | [CL]LaCumbiaSuave · wall_segment Palisade Wall x1 |
| 9:54 | [CL]LaCumbiaSuave · wall_segment Palisade Wall x1 |
| 9:56 | [CL]LaCumbiaSuave · wall_segment Palisade Wall x1 |
| 10:01 | [CL]LaCumbiaSuave · wall_segment Palisade Wall x1 |
| 10:03 | [CL]LaCumbiaSuave · wall_segment Palisade Wall x1 |
| 10:05 | Fabrizio 094455 · wall_segment Palisade Wall x1 |
| 10:23 | [CL]LaCumbiaSuave · age_up feudal |
| 10:32 | [CL]LaCumbiaSuave · first_building Archery Range |
| 10:49 | Fabrizio 094455 · wall_segment Palisade Wall x6 |
| 12:36 | Fabrizio 094455 · wall_segment Palisade Wall x1 |
| 12:46 | Fabrizio 094455 · wall_segment Palisade Wall x1 |
| 13:11 | Fabrizio 094455 · wall_segment Palisade Wall x1 |
| 13:13 | Fabrizio 094455 · wall_segment Palisade Wall x6 |
| 14:14 | Fabrizio 094455 · first_building Archery Range |
| 14:14 | [CL]LaCumbiaSuave · wall_segment Palisade Wall x1 |
| 15:07 | [CL]LaCumbiaSuave · wall_segment Palisade Wall x4 |
| 15:19 | [CL]LaCumbiaSuave · wall_segment Palisade Wall x12 |
| 15:23 | [CL]LaCumbiaSuave · wall_segment Palisade Wall x12 |
| 15:29 | [CL]LaCumbiaSuave · wall_segment Palisade Wall x6 |
| 17:24 | [CL]LaCumbiaSuave · wall_segment Palisade Wall x1 |
| 17:59 | Fabrizio 094455 · wall_segment Palisade Wall x4 |
| 19:50 | [CL]LaCumbiaSuave · first_building Stable |
| 22:34 | [CL]LaCumbiaSuave · wall_segment Palisade Wall x1 |
| 23:05 | Fabrizio 094455 · age_up castle |
| 23:40 | [CL]LaCumbiaSuave · resign |
[ AI ANALYSIS · 1 CREDIT ]
What really happened in this match?
Wolo.gg analyzes every decision: build order, eco, micro, common mistakes by bracket. Personalized analysis on WhatsApp or Discord in 30 seconds.
Civ guide
Gurjaras
Perfil
Jugador #5843090